 Dungeon Crawl Stone Soup version 0.24.0-13-gcf9b319 (webtiles) character file.

Game seed: 5191370022270306446, levelgen mode: deterministic

4 Bronimir the Grasshopper (level 1, -3/17 HPs)
             Began as a Centaur Warper on Apr 7, 2020.
             Slain by a gnoll
             ... wielding a cursed -2 flail
              (6 damage)
             ... on level 1 of the Dungeon.
             The game lasted 00:00:42 (153 turns).

Bronimir the Grasshopper (Centaur Warper)            Turns: 153, Time: 00:00:42

Health: -3/17      AC:  4    Str: 13    XL:     1   Next: 58%
Magic:  3/3        EV:  6    Int: 12    God:
Gold:   34         SH:  6    Dex:  8    Spells: 3/3 levels left

rFire    . . .     SeeInvis .   g - -1 spear (curse)
rCold    . . .     Gourm    .   j - +0 shield
rNeg     . . .     Faith    .   b - +0 leather armour
rPois    .         Spirit   .   (no helmet)
rElec    .         Reflect  .   (no cloak)
rCorr    .         Harm     .   (no gloves)
MR       .....                  (no barding)
Stlth    ..........             (no amulet)
HPRegen  0.05/turn              (no ring)
MPRegen  0.08/turn              (no ring)

@: very quick
A: large, hooves 3, deformed body, speed 2, tough skin 3
a: no special abilities


You were on level 1 of the Dungeon.
You were not hungry.

You visited 1 branch of the dungeon, and saw 1 of its levels.

You collected 34 gold pieces.

Inventory:

Hand Weapons
 a - a +0 spear
 c - a +2 antimagic spear
 g - a cursed -1 spear (weapon)
Missiles
 e - 5 boomerangs of dispersal (quivered)
 k - 16 sling bullets
Armour
 b - a +0 leather armour (worn)
 j - a +0 shield (worn)
Scrolls
 d - a scroll of blinking
Potions
 h - a potion of might {unknown}
 i - 2 potions of brilliance {unknown}
Comestibles
 f - 3 rations


   Skills:
 * Level 2.0 Fighting
 * Level 2.0 Polearms
 + Level 1.1 Throwing
 * Level 0.6 Armour
 + Level 1.4 Dodging
 + Level 1.6 Spellcasting
   Level 2.6 Translocations


You had 3 spell levels left.
You didn't know any spells.
Your spell library contained the following spells:

 Spells                   Type           Power        Failure   Level  Hunger
 Blink                    Tloc           N/A          77%         2    ###....
 Shroud of Golubria       Chrm/Tloc      #.....       91%         2    ###....
 Gell's Gravitas          Tloc           #.........   94%         3    ####...
 Lesser Beckoning         Tloc           #.........   94%         3    ####...
 Teleport Other           Tloc           #.......     94%         3    ####...
 Passage of Golubria      Tloc           N/A          100%        4    #####..


Dungeon Overview and Level Annotations

Branches:
Dungeon (1/15)

Altars:


Innate Abilities, Weirdness & Mutations

You have hooves in place of feet.
Armour fits poorly on your strangely shaped body.
You cover ground very quickly.
You have extremely tough skin. (AC +3)


Message History

The gnoll is lightly wounded.
The gnoll hits you with a cursed -2 flail.
You hit the gnoll. You kick the gnoll.
The gnoll is moderately wounded.
The gnoll hits you with a cursed -2 flail.
You hit the gnoll. Your kick misses the gnoll.
The gnoll is heavily wounded.
You block the gnoll's attack.
You hit the gnoll. You kick the gnoll.
The gnoll is severely wounded.
The gnoll hits you with a cursed -2 flail!
* * * LOW HITPOINT WARNING * * *
You are too injured to fight recklessly!
You are too injured to fight recklessly!
You are too injured to fight recklessly!
You are too injured to fight recklessly!
You closely miss the gnoll.
The gnoll is severely wounded.
The gnoll hits you with a cursed -2 flail.
You die...

####### #.....####
.....# #......... .#.#.#
#..#.#$#.# .....##
#......... .#.#..#
#..#.#.#.# ......#
#.g....... ......#
#.@#.#.#.# ......#
#......... ......#
######..#.#.#.#
......####..............
........................
....#...................
....#...........##......
....#...........# ......
...(#...........##......


You could see a gnoll.

Vanquished Creatures
  A dart slug (D:1)
  A giant cockroach (D:1)
  A frilled lizard (D:1)
3 creatures vanquished.

Notes
Turn   | Place    | Note
-------+----------+-------------------------------------------
     0 | D:1      | Bronimir the Centaur Warper began the quest for the Orb.
     0 | D:1      | Reached XP level 1. HP: 17/17 MP: 3/3
   153 | D:1      | Slain by a gnoll

Levels and vault maps discovered:
D:1:      elethiomel_arrival_shortcut, layout_basic, serial_glass,
          glass_columns_c, glass_columns_c, glass_columns_a, glass_columns_a

Skill      XL: |  1 |
---------------+----+-----
Polearms       | 2 |  2.0
Fighting       | |  2.0
Throwing       | |  1.1
Armour         | |  0.6
Dodging        | |  1.4
Spellcasting   | |  1.6
Translocations | |  2.6

Action                   || total
-------------------------++-------
Melee: Spear             ||    19
       Kick              ||     5
Armor: Leather armour    ||     1
Dodge: Dodged            ||     3
Block: Shield            ||     4
